 Dungeon Crawl Stone Soup version 0.21-a0-380-gd65dc97 (webtiles) character file.

133 grizmgrazm2 the Conjurer (level 4, -4/24 HPs)
             Began as a Deep Elf Conjurer on Oct 17, 2017.
             Slain by a gnoll
             ... wielding a +0 spear
              (7 damage)
             ... on level 3 of the Dungeon.
             The game lasted 00:07:20 (2338 turns).

grizmgrazm2 the Conjurer (Deep Elf Conjurer)        Turns: 2338, Time: 00:07:20

Health: -4/24      AC:  2    Str:  5    XL:     4   Next: 93%
Magic:  2/11       EV: 13    Int: 21    God:
Gold:   142        SH:  0    Dex: 15    Spells: 7/10 levels left

rFire    . . .     SeeInvis .   d - -1 dagger (curse)
rCold    . . .     Gourm    .   (no shield)
rNeg     . . .     Faith    .   a - +0 robe
rPois    .         Spirit   .   (no helmet)
rElec    .         Reflect  .   (no cloak)
rCorr    .         Harm     .   (no gloves)
MR       .....                  (no boots)
Stlth    ++........             (no amulet)
HPRegen  0.08/turn              g - ring of flight
MPRegen  0.12/turn              (no ring)

@: no status effects
A: no striking features
a: Evoke Flight


You were on level 3 of the Dungeon.
You were not hungry.

You visited 1 branch of the dungeon, and saw 3 of its levels.

You collected 142 gold pieces.

Inventory:

Hand Weapons
 d - a cursed -1 dagger (weapon)
 f - a +0 short sword
 s - a +3 dagger of freezing
Armour
 a - a +0 robe (worn)
Jewellery
 g - a ring of flight (left hand)
 n - an uncursed ring of protection from cold {unknown}
 r - an uncursed amulet of rage {unknown}
Potions
 e - 2 potions of mutation
 i - a potion of cancellation
 j - 2 potions of invisibility
 l - a potion of might {unknown}
 m - a potion of magic {unknown}
 o - a potion of berserk rage {unknown}
 p - a potion of flight {unknown}
Books
 b - a book of Conjurations

   Spells                             Type                      Level
   a - Magic Dart                     Conjuration                  1
   b - Searing Ray                    Conjuration                  2
   c - Dazzling Spray                 Conjuration/Hexes            3
   d - Fulminant Prism                Conjuration/Hexes            4
   e - Force Lance                    Conjuration/Translocation    4
   f - Iskenderun's Mystic Blast      Conjuration                  4
Comestibles
 c - 4 bread rations
 k - 3 fruits
 q - a royal jelly


   Skills:
 + Level 2.6 Dodging
 + Level 3.0 Stealth
 + Level 3.8 Spellcasting
 + Level 6.3 Conjurations


You had 7 spell levels left.
You knew the following spells:

 Your Spells              Type           Power        Failure   Level  Hunger
a - Magic Dart            Conj           ####         1%          1    None
b - Searing Ray           Conj           ####..       1%          2    #......


Dungeon Overview and Level Annotations

Branches:
Dungeon (3/15)

Altars:
Trog
The Shining One


Message History

The gnoll is heavily wounded.
The gnoll closely misses you.
Without enough magic to sustain it, your searing ray dissipates.
The gnoll completely misses you.
The gnoll hits you from afar with a spear!
All of the chunks of flesh in your inventory have rotted away.
The gnoll misses you.
Casting: Searing Ray
Confirm with . or Enter, or press ? or * to list all spells.
Aiming: Magic Dart
Press: ? - help, Shift-Dir - straight line, f/p - gnoll
Aim: a gnoll, wielding a spear (heavily wounded)
The magic dart hits the gnoll.
The gnoll is heavily wounded.
The gnoll hits you from afar with a spear!
* * * LOW HITPOINT WARNING * * *
You see here a flail.
There is a stone staircase leading down here.
The gnoll hits you from afar with a spear!
You die...

# #g# . # #####
#.# #. ##...###.#
#.###.....##.# .#
#............# .#
######
##..8.8.g#### .#
......
#......g..# .#
######
#.8.....8.# .## #
#....@....####..#
#
##.......#.....#
# ##.....#####.##
## #
#######....## #.#
#..#........###.#
#..#.........#.#
####
#..#..รท.)...#.#
...#
#..#..).......#
##.#
#..#.......##.##


You could see 2 gnolls.

Vanquished Creatures
  3 gnolls (D:3)
  4 adders
  An ooze (D:1)
  3 worms
  A dart slug (D:2)
  3 leopard geckos (D:3)
  2 orcs (D:3)
  5 bats
  A giant cockroach (D:1)
  7 hobgoblins
  3 jackals (D:3)
  3 frilled lizards
  6 goblins
  5 kobolds
  4 rats
51 creatures vanquished.

Notes
Turn   | Place    | Note
-------+----------+-------------------------------------------
     0 | D:1      | grizmgrazm2 the Deep Elf Conjurer began the quest for the Orb.
     0 | D:1      | Reached XP level 1. HP: 10/10 MP: 6/6
     4 | D:1      | You fall through a shaft!
   258 | D:1      | Reached XP level 2. HP: 15/15 MP: 4/8
   293 | D:1      | Learned a level 2 spell: Searing Ray
  1004 | D:2      | Found a bloodstained altar of Trog.
  1005 | D:2      | Reached skill level 5 in Conjurations
  1022 | D:2      | Reached XP level 3. HP: 12/19 MP: 2/9
  1285 | D:2      | Found a glowing golden altar of the Shining One.
  1696 | D:3      | Reached XP level 4. HP: 24/24 MP: 5/11
  2005 | D:3      | Found a bloodstained altar of Trog.
  2102 | D:3      | Reached skill level 6 in Conjurations
  2338 | D:3      | Slain by a gnoll

Vault maps used:
D:1:      minmay_arrival_semitransparent, chequers_big_river
D:2:      tso_metal_star, lemuel_crystal_altar
D:3:      first_bread, grunt_ministairs_9, trog_three_pillars_becter

Skill      XL: |  1  2  3  4 |
---------------+-------------+-----
Conjurations   | 5 6 |  6.3
Stealth        | 3 |  3.0
Dodging        | |  2.6
Spellcasting   | |  3.8

Action                   |  1- 3 |  4- 6 || total
-------------------------+-------+-------++-------
Melee: Unarmed           |     3 |       ||     3
 Cast: Magic Dart        |    60 |    33 ||    93
       Searing Ray       |     2 |     5 ||     7
  Use: Scroll            |       |     8 ||     8
 Stab: Sleeping          |     1 |       ||     1
  Eat: Chunk             |     2 |     2 ||     4
Armor: Robe              |     1 |       ||     1
Dodge: Dodged            |     9 |     5 ||    14

Table legend:
 A = Spawn XP
 B = Non-spawn XP
 C = Spawn XP percentage of total XP
 D = Spawn monster count
 E = Non-spawn monster count
 F = Spawn count percentage of total count
 G = Total turns spent on level
                    A         B        C        D         E        F      G
               +---------+---------+-------+---------+---------+-------+---------
         Total |       0 |     190 |   0.0 |       0 |      51 |   0.0 |  2338
               +---------+---------+-------+---------+---------+-------+---------
           D:1 |       0 |      26 |   0.0 |       0 |      14 |   0.0 |   950
           D:2 |       0 |      63 |   0.0 |       0 |      14 |   0.0 |   728
           D:3 |       0 |     101 |   0.0 |       0 |      23 |   0.0 |   660
               +---------+---------+-------+---------+---------+-------+---------
